 Dungeon Crawl Stone Soup version 0.27-a0-797-g27d10ad80f (webtiles) character file.

Game seed: 11235130248307058751

3 durn the Caller (level 1, -1/10 HPs)
             Began as a Deep Elf Summoner on Mar 28, 2021.
             Killed by Freeze
             ... generated by an endoplasm
              (5 damage)
             ... on level 1 of the Dungeon.
             The game lasted 00:00:59 (157 turns).

durn the Caller (Deep Elf Summoner)                  Turns: 157, Time: 00:01:00

Health: -1/10      AC:  2    Str:  5    XL:     1   Next: 41%
Magic:  6/6        EV: 12    Int: 19    God:
Gold:   9          SH:  0    Dex: 15    Spells: 5/6 levels left

rFire    . . .     SeeInvis .   b - +0 club
rCold    . . .     Faith    .   (no shield)
rNeg     . . .     Spirit   .   a - +0 robe
rPois    .         Reflect  .   (no helmet)
rElec    .         Harm     .   (no cloak)
rCorr    .         Rampage  .   (no gloves)
Will     .....                  (no boots)
Stlth    ++........             (no amulet)
HPRegen  0.03/turn              (no ring)
MPRegen  0.10/turn              (no ring)

@: no status effects
A: no striking features
a: no special abilities


You were on level 1 of the Dungeon.
You visited 1 branch of the dungeon, and saw 1 of its levels.

You collected 9 gold pieces.

Inventory:

Hand Weapons
 b - a +0 club (weapon)
Armour
 a - a +0 robe (worn)
Potions
 c - a potion of magic {unknown}


   Skills:
 + Level 2.5 Dodging
 + Level 2.4 Stealth
 + Level 3.0 Spellcasting
 + Level 4.5 Summonings


You had 5 spell levels left.
You knew the following spells:

 Your Spells              Type           Power      Damage    Failure   Level
a - Summon Small Mammal   Summ           80%        N/A       2%          1

Your spell library contained the following spells:

 Spells                   Type           Power      Damage    Failure   Level
 Call Imp                 Summ           20%        N/A       3%          2
 Call Canine Familiar     Summ           20%        N/A       7%          3
 Summon Guardian Golem    Hex/Summ       11%        N/A       19%         3
 Summon Ice Beast         Ice/Summ       11%        N/A       52%         4
 Summon Lightning Spire   Summ/Air       11%        N/A       52%         4


Dungeon Overview and Level Annotations

Branches:
Dungeon (1/15)

Altars:


Message History

Casting: Summon Small Mammal (safe; 2% risk of failure)
Confirm with . or Enter, or press ? or * to list all spells.
The ball python bites your quokka. The ball python grabs your quokka.
The ball python constricts your quokka. The ball python bites your quokka.
The ball python constricts your quokka.
Your quokka bites the ball python.
The ball python dies!
The ball python barely misses you. The ball python closely misses you.
Your quokka barely misses the ball python.
There is an open door here.
You hit the ball python.
The ball python is moderately wounded.
The ball python bites you but does no damage.
The ball python barely misses you.
Your quokka bites the ball python.
The ball python bites your quokka but does no damage.
The ball python closely misses your quokka.
Your quokka bites the ball python.
You catch the helpless ball python completely off-guard!
You hit the ball python.
You kill the ball python!
Your quokka bites the hobgoblin.
The hobgoblin dies!
There is an open door here.
You swap places.
As you open the door, it creaks loudly!
There is an open door here.
Found a smoky golden potion.
An endoplasm comes into view.
You see here 9 gold pieces.
You see here 9 gold pieces.
You now have 9 gold pieces.
The endoplasm quivers.
Your quokka disappears in a puff of smoke!
You hit the endoplasm but do no damage. The endoplasm barely misses you.
You hit the endoplasm.
The endoplasm is lightly wounded.
The endoplasm freezes you.
You are frozen.
Ouch! That really hurt!
You die...

+......# #......######
...........# .. ..........#
... .........# .... .!......#
....# #.J.....# .#.
..........#####@#########...
#....#........§.r..#........
+....#.............#.......>
#....#........§§..........##
#.............#............#
#.#...#######.#............#
##.#...........#.........#..#
.#.#.............#......##..#
...#.............'......'...#


You could see an endoplasm (ally target) and a friendly quokka (summoned).

Vanquished Creatures
  A ball python (D:1)
1 creature vanquished.

Vanquished Creatures (collateral kills)
  A hobgoblin (D:1)
  A kobold (D:1)
  A ball python (D:1)
3 creatures vanquished.

Grand Total: 4 creatures vanquished

Notes
Turn   | Place    | Note
-------+----------+-------------------------------------------
     0 | D:1      | durn the Deep Elf Summoner began the quest for the Orb.
     0 | D:1      | Reached XP level 1. HP: 10/10 MP: 6/6
   157 | D:1      | Killed from afar by an endoplasm

Illustrated notes

Levels and vault maps discovered:
D:1:      lightli_molten_gateway, layout_basic

Action                   || total
-------------------------++-------
Melee: Club              ||     5
 Cast: Summon Small Mamm ||     4
 Stab: Distracted        ||     1
Armor: Robe              ||     5
Dodge: Dodged            ||    14

Table legend: (Time is in decaauts)
 A = Elapsed time spent in this place.
 B = Non-inter-level travel time spent in this place.
 C = Inter-level travel time spent in this place.
 D = Time resting spent in this place.
 E = Time spent auto-exploring this place.
 F = Levels seen in this place.
 G = Mean time per level.
                   A        B        C        D        E       F      G
               +--------+--------+--------+--------+--------+-----+--------+
         Total |    157 |     66 |     91 |      0 |      0 |   1 |  157.0 |
       Dungeon |    157 |     66 |     91 |      0 |      0 |   1 |  157.0 |
               +--------+--------+--------+--------+--------+-----+--------+

Top non-repeatable levels by time:
     D:1: 157 daAuts
